[Event "Titled Tuesday Blitz January 03 Late 2023"]
[White "Tristan, Leonardo"]
[Black "Seletsky, Grigory"]
[WhiteFideId "113816"]
[BlackFideId "14112191"]
[WhiteElo "2545"]
[BlackElo "2259"]
[Result "1-0"]
[Round "01"]
[TimeControl "180+2"]
[Date "2023.01.03"]
[WhiteClock "0:00:07"]
[BlackClock "0:00:11"]

1. d4 d5 2. Nf3 Bf5 3. Bf4 e6 4. e3 c6 5. c4 Bxb1 6. Qxb1 Bb4+ 7. Kd1 Nf6 8. Bd3 O-O 9. Ke2 Bd6 10. Ne5 h6 11. h3 Bxe5 12. Bxe5 Nbd7 13. Bg3 Re8 14. cxd5 Nxd5 15. Rd1 e5 16. dxe5 Nxe5 17. Be4 Qa5 18. Kf1 Rad8 19. Kg1 Nc4 20. Qc2 Ncb6 21. a3 Qa4 22. Bh7+ Kh8 23. Rd4 Qxc2 24. Bxc2 Nf6 25. Rad1 Rxd4 26. Rxd4 Nbd5 27. b4 a6 28. Kf1 Kg8 29. Ke1 g5 30. Kd2 Kg7 31. e4 Ne7 32. e5 Nfd5 33. Be4 f5 34. exf6+ Kxf6 35. Rd3 Ke6 36. h4 Rf8 37. hxg5 hxg5 38. Bf3 Rh8 39. Bg4+ Kf6 40. Rf3+ Kg6 41. Be5 Rh1 42. Rf8 Ra1 43. Bxa1 Nf4 44. g3 Nfd5 45. Bf3 Nb6 46. Be4+ Kh5 47. f3 g4 48. f4 Nbd5 49. Rh8# 1-0


[Site "https://www.chess.com"]

[Event "Titled Tuesday Blitz January 03 Late 2023"]
[White "Zilleruelo Irizarry, Diego"]
[Black "Nazari, Arad"]
[WhiteFideId "3101460"]
[BlackFideId "12577324"]
[WhiteElo "2135"]
[BlackElo "2367"]
[Result "1/2-1/2"]
[Round "01"]
[TimeControl "180+2"]
[Date "2023.01.03"]
[WhiteClock "0:00:21"]
[BlackClock "0:00:12"]

1. e4 c5 2. Nf3 d6 3. d4 cxd4 4. Qxd4 Nc6 5. Qe3 Nf6 6. h3 e5 7. Be2 Be7 8. O-O O-O 9. c4 Be6 10. Nc3 Rc8 11. b3 a6 12. Bb2 Nd7 13. Rfd1 Qb6 14. Qxb6 Nxb6 15. Rac1 Rfd8 16. Nd5 Bxd5 17. cxd5 Nb8 18. a4 Rxc1 19. Rxc1 Rc8 20. a5 Rxc1+ 21. Bxc1 N6d7 22. Be3 Bd8 23. b4 b6 24. axb6 Bxb6 25. Bxb6 Nxb6 26. Nd2 Kf8 27. Nc4 Nxc4 28. Bxc4 Ke7 29. Kf1 Kd7 30. Ke2 Kc7 31. g3 Kb6 32. f4 f6 33. fxe5 fxe5 34. Kf3 a5 35. bxa5+ Kxa5 36. Kg4 Kb4 37. Be2 Nd7 38. Kf5 Nc5 39. h4 Kc3 40. h5 Kd4 41. Bf3 Ke3 42. Bh1 Kf2 43. g4 Kg3 44. g5 Kh4 45. Bf3 Kg3 46. Bh1 Kf2 47. h6 gxh6 48. gxh6 Ke3 49. Bg2 Kd4 50. Bf3 Nb3 51. Ke6 Nd2 52. Bh1 Nxe4 53. Bxe4 Kxe4 54. Kxd6 Kf5 55. Kc6 e4 56. d6 e3 57. d7 e2 58. d8=Q e1=Q 59. Qf8+ Kg5 60. Qg7+ Kh5 61. Qxh7 Qe6+ 62. Kc5 Qe5+ 63. Kc6 Qc3+ 64. Kd5 Qb3+ 65. Kd6 Qb6+ 66. Ke5 Qc5+ 67. Kf6 Qd6+ 68. Kf7 Qd7+ 69. Kg8 Qe8+ 70. Kg7 Kg5 71. Qg8 Qe7+ 72. Qf7 Qe5+ 73. Kg8 Kxh6 74. Qh7+ Kg5 75. Qg7+ Kf5 76. Qxe5+ Kxe5 1/2-1/2


[Site "https://www.chess.com"]

[Event "Titled Tuesday Blitz January 03 Late 2023"]
[White "Saric, Ibro"]
[Black "Dudzinski, Pawel"]
[WhiteFideId "14401290"]
[BlackFideId "1117890"]
[WhiteElo "2531"]
[BlackElo "2186"]
[Result "1-0"]
[Round "01"]
[TimeControl "180+2"]
[Date "2023.01.03"]
[WhiteClock "0:02:33"]
[BlackClock "0:02:08"]

1. d4 d5 2. c4 c6 3. cxd5 cxd5 4. Bf4 e6 5. e3 f5 6. Nf3 Nf6 7. Bd3 Be7 8. O-O O-O 9. Nbd2 Bd7 10. Ne5 Be8 11. Qb3 Qb6 12. Rfc1 Qxb3 13. Nxb3 Nc6 14. Nxc6 Bxc6 15. Na5 Rfc8 16. Nxc6 Rxc6 17. Rxc6 bxc6 18. Rc1 c5 19. dxc5 Rc8 20. b4 Nd7 21. Ba6 Rc6 22. Bb5 1-0


[Site "https://www.chess.com"]

[Event "Titled Tuesday Blitz January 03 Late 2023"]
[White "Hansen, Torbjorn Ringdal"]
[Black "Boyer, Mahel"]
[WhiteFideId "1501720"]
[BlackFideId "45102422"]
[WhiteElo "2432"]
[BlackElo "2489"]
[Result "1-0"]
[Round "01"]
[TimeControl "180+2"]
[Date "2023.01.03"]
[WhiteClock "0:00:55"]
[BlackClock "0:00:01"]

1. c4 c6 2. g3 d5 3. Bg2 Nf6 4. Nf3 Nbd7 5. O-O dxc4 6. Qc2 b5 7. b3 cxb3 8. axb3 Bb7 9. Bb2 e6 10. Nd4 Qb6 11. Nxc6 Rc8 12. Rc1 Bc5 13. d4 Bxc6 14. dxc5 Qb7 15. Bxc6 Rxc6 16. b4 O-O 17. Nd2 Nd5 18. Nb3 Rcc8 19. Na5 Qc7 20. e4 Ne7 21. Qc3 Nf6 22. f3 Nc6 23. Nxc6 Qxc6 24. Rxa7 Ra8 25. Rxa8 Rxa8 26. Rd1 h5 27. h3 Ra2 28. g4 Qc7 29. Kg2 Qf4 30. c6 hxg4 31. hxg4 Qc7 32. Rd2 e5 33. Qc5 Qc8 34. Kg3 Ra6 35. c7 Kh7 36. Rd8 Qe6 37. c8=Q Nxe4+ 38. fxe4 Qg6 39. Qf5 1-0


[Site "https://www.chess.com"]

[Event "Titled Tuesday Blitz January 03 Late 2023"]
[White "Jaferian, Koosha"]
[Black "Liu, Casper"]
[WhiteFideId "12507440"]
[BlackFideId "1454153"]
[WhiteElo "2233"]
[BlackElo "2278"]
[Result "1/2-1/2"]
[Round "01"]
[TimeControl "180+2"]
[Date "2023.01.03"]
[WhiteClock "0:00:34"]
[BlackClock "0:01:07"]

1. d4 c5 2. d5 g6 3. c4 Bg7 4. Nc3 Nf6 5. e4 d6 6. Bd3 O-O 7. Nge2 e6 8. O-O exd5 9. cxd5 Re8 10. Bf4 a6 11. a4 Nh5 12. Be3 Nd7 13. f4 f5 14. Qd2 fxe4 15. Nxe4 Ndf6 16. N2c3 Ng4 17. Bf2 Nxf2 18. Nxf2 Qh4 19. Rae1 Bd7 20. Nfe4 Bd4+ 21. Kh1 Bf5 22. g3 Bxc3 23. Qxc3 Qh3 24. Nf2 Nxg3+ 25. Kg1 Qh4 26. hxg3 Qxg3+ 27. Kh1 Rxe1 28. Qxe1 Bxd3 29. Qe6+ Kg7 30. Qe7+ Kg8 31. Qe6+ Kg7 32. Qe7+ Kg8 1/2-1/2


[Site "https://www.chess.com"]

[Event "Titled Tuesday Blitz January 03 Late 2023"]
[White "Estrada Nieto, Julian"]
[Black "Papasimakopoulos, Alexandros"]
[WhiteFideId "5101018"]
[BlackFideId "4244125"]
[WhiteElo "2215"]
[BlackElo "2401"]
[Result "0-1"]
[Round "01"]
[TimeControl "180+2"]
[Date "2023.01.03"]
[WhiteClock "0:00:10"]
[BlackClock "0:00:35"]

1. e4 e6 2. d4 d5 3. Nd2 Nf6 4. e5 Nfd7 5. Bd3 c5 6. c3 Nc6 7. Ne2 cxd4 8. cxd4 f6 9. exf6 Nxf6 10. Nf3 Bd6 11. O-O Qc7 12. Bg5 O-O 13. Bh4 Nh5 14. Qc2 h6 15. Bh7+ Kh8 16. Bg6 Rxf3 17. gxf3 Bxh2+ 18. Kg2 Nf4+ 19. Nxf4 Bxf4 20. Bg3 Qd6 21. Be8 Nxd4 22. Qg6 Nf5 23. Rh1 Bxg3 24. fxg3 Bd7 25. Bxd7 Qxd7 26. g4 Ne7 27. Qf7 e5 28. Rh5 Qd6 29. Rah1 Ng8 30. g5 Rf8 31. Qxb7 e4 32. R1h3 exf3+ 33. Rxf3 Rxf3 34. Kxf3 Qf8+ 35. Kg4 Qc5 36. Qb8 Qd4+ 37. Kh3 Qd3+ 38. Qg3 Qf5+ 39. Qg4 Qf1+ 40. Qg2 Qd3+ 41. Kh2 Qd1 42. Rh3 Qe1 43. g6 Qe5+ 44. Kh1 d4 45. Rb3 Qh5+ 46. Kg1 Qd1+ 47. Kh2 Qh5+ 48. Kg1 Qc5 49. Rb8 d3+ 50. Qf2 Qg5+ 51. Qg2 d2 52. Qxg5 d1=Q+ 53. Kg2 hxg5 54. Rb3 Qc2+ 55. Kh3 Qxg6 0-1


[Site "https://www.chess.com"]

[Event "Titled Tuesday Blitz January 03 Late 2023"]
[White "Kanakaris, Georgios"]
[Black "Gatterer, Florian"]
[WhiteFideId "4209460"]
[BlackFideId "811688"]
[WhiteElo "2391"]
[BlackElo "2170"]
[Result "1/2-1/2"]
[Round "01"]
[TimeControl "180+2"]
[Date "2023.01.03"]
[WhiteClock "0:00:08"]
[BlackClock "0:00:16"]

1. e4 c6 2. Nf3 d5 3. Nc3 Bg4 4. h3 Bxf3 5. Qxf3 e6 6. d3 Nd7 7. Qd1 g6 8. Be2 Bg7 9. O-O Ne7 10. d4 O-O 11. Be3 dxe4 12. Nxe4 Nf5 13. c3 Nxe3 14. fxe3 Bh6 15. Rf3 f5 16. Nd2 Kh8 17. Qb3 e5 18. Nf1 Rb8 19. Rd1 e4 20. Rf2 Qe7 21. c4 Nf6 22. d5 Rfd8 23. dxc6 bxc6 24. Qc2 Bg7 25. b3 a5 26. Rxd8+ Rxd8 27. Bd1 Nd7 28. Rd2 Ne5 29. Rxd8+ Qxd8 30. Qd2 Qc7 31. Be2 h5 32. a3 Kh7 33. b4 axb4 34. axb4 Bh6 35. Qd4 Bg7 36. Qc5 Qd7 37. b5 cxb5 38. cxb5 Nd3 39. Qc6 Qxc6 40. bxc6 Be5 41. Bxd3 exd3 42. Nd2 Kg7 43. Kf2 Kf7 44. Nc4 Bc7 45. Nb2 d2 46. Ke2 Ke6 47. Nd3 Kd5 48. Kxd2 Kxc6 49. Ke2 Kd5 50. Kf3 Ke6 51. Nf4+ Bxf4 52. Kxf4 Kf6 53. h4 Kf7 54. Kg5 Kg7 55. g3 Kf7 56. Kh6 Kf6 57. Kh7 Kf7 58. Kh6 Kf6 59. Kh7 Kf7 60. Kh6 1/2-1/2


[Site "https://www.chess.com"]

[Event "Titled Tuesday Blitz January 03 Late 2023"]
[White "Olenik Campa, Rudi"]
[Black "Korchmar, Vasiliy"]
[WhiteFideId "14633264"]
[BlackFideId "24131750"]
[WhiteElo "2356"]
[BlackElo "2438"]
[Result "0-1"]
[Round "01"]
[TimeControl "180+2"]
[Date "2023.01.03"]
[WhiteClock "0:00:02"]
[BlackClock "0:00:17"]

1. e4 c5 2. Nf3 d6 3. d4 cxd4 4. Nxd4 Nf6 5. f3 e5 6. Nb3 Be6 7. c4 Nbd7 8. Be3 Rc8 9. Nc3 Bxc4 10. Bxc4 Rxc4 11. Qd3 Rc8 12. g4 d5 13. exd5 Bb4 14. h3 O-O 15. O-O Bxc3 16. bxc3 Nb6 17. Bxb6 Qxb6+ 18. Kg2 Rfd8 19. c4 Nd7 20. Rfe1 Nf8 21. c5 Qf6 22. d6 Ng6 23. Qe4 b6 24. Rac1 bxc5 25. Nxc5 Qxd6 26. Nb3 Rxc1 27. Rxc1 h6 28. Rc2 Qd1 29. Rc7 Nf4+ 30. Kf2 Qh1 31. Qc4 Qg2+ 32. Ke3 Nd5+ 0-1


[Site "https://www.chess.com"]

[Event "Titled Tuesday Blitz January 03 Late 2023"]
[White "Skvortsov, Andrei"]
[Black "Forgacs, Attila Jr."]
[WhiteFideId "24108600"]
[BlackFideId "773654"]
[WhiteElo "2313"]
[BlackElo "2264"]
[Result "1-0"]
[Round "01"]
[TimeControl "180+2"]
[Date "2023.01.03"]
[WhiteClock "0:01:23"]
[BlackClock "0:01:29"]

1. c4 e5 2. Nc3 d6 3. d4 Nd7 4. e4 Ngf6 5. Nf3 g6 6. Be2 Bg7 7. O-O O-O 8. Re1 c6 9. Bf1 Ne8 10. dxe5 dxe5 11. b3 f5 12. Ba3 Rf7 13. exf5 gxf5 14. Nxe5 Bxe5 15. Rxe5 Qf6 16. Rxe8+ Kg7 17. Qd2 Ne5 18. Bb2 Qg6 19. Qf4 Kf6 20. Ne4+ 1-0


[Site "https://www.chess.com"]

[Event "Titled Tuesday Blitz January 03 Late 2023"]
[White "Urquhart, Ed"]
[Black "Godzwon, Iwo"]
[WhiteFideId "2603748"]
[BlackFideId "21802483"]
[WhiteElo "2209"]
[BlackElo "2394"]
[Result "0-1"]
[Round "01"]
[TimeControl "180+2"]
[Date "2023.01.03"]
[WhiteClock "0:00:02"]
[BlackClock "0:00:22"]

1. e4 c5 2. Nc3 Nc6 3. f4 e6 4. Nf3 d5 5. Bb5 dxe4 6. Bxc6+ bxc6 7. Nxe4 Be7 8. d3 Nf6 9. O-O O-O 10. Qe1 a5 11. a4 c4 12. dxc4 c5 13. Nc3 Bb7 14. Nb5 Qb6 15. b3 Rad8 16. Bd2 Ra8 17. Bc3 Rfe8 18. Ne5 Ne4 19. Bb2 Rad8 20. Rd1 f6 21. Nf3 Qc6 22. Qxa5 Bd6 23. Nxd6 Rxd6 24. Rxd6 Nxd6 25. Qe1 Nf5 26. Qe2 Kf7 27. Rd1 Re7 28. Qd2 Qc7 29. Bc3 Bxf3 30. gxf3 Qc6 31. Qd3 Nh4 32. Kf2 h6 33. a5 Ng6 34. Qe4 Qc7 35. Bd2 Rd7 36. a6 Qa7 37. Qc6 Rc7 38. Qb5 Rd7 39. Ke1 Rd6 40. Bc3 Qxa6 41. Qxa6 Rxa6 42. Rd7+ Kg8 43. Bd2 Rc6 44. Ke2 Nh4 45. Kf2 Nf5 46. Be3 h5 47. h3 h4 48. Ke2 Kh7 49. Kd3 Kg6 50. Ke4 Ng3+ 51. Kd3 Nf5 52. Ke4 Nd6+ 53. Kd3 Nf7 54. Bf2 e5 55. Bxh4 exf4 56. Ke2 Ne5 57. Rd8 Kf5 58. Bf2 g5 59. Rf8 Ng6 60. Rg8 Ne7 61. Re8 Ng6 62. Ra8 Ne5 63. Ra5 Re6 64. Rxc5 Kg6 65. Kf1 Nxf3 66. b4 Nd2+ 0-1


[Site "https://www.chess.com"]

[Event "Titled Tuesday Blitz January 03 Late 2023"]
[White "Kuzmicz, Krystian"]
[Black "Hoffmann, Asa"]
[WhiteFideId "1119125"]
[BlackFideId "2001470"]
[WhiteElo "2466"]
[BlackElo "2185"]
[Result "1-0"]
[Round "01"]
[TimeControl "180+2"]
[Date "2023.01.03"]
[WhiteClock "0:00:09"]
[BlackClock "0:00:02"]

1. e4 d6 2. f4 c6 3. Nf3 g6 4. g3 Bg7 5. Bg2 Nf6 6. d3 O-O 7. Nc3 d5 8. e5 Ne8 9. d4 Bg4 10. Ne2 e6 11. Be3 Nd7 12. h3 Bxf3 13. Bxf3 f6 14. O-O c5 15. c3 cxd4 16. cxd4 Nb8 17. Bf2 Nc6 18. g4 Qb6 19. f5 gxf5 20. gxf5 fxe5 21. dxe5 Qxb2 22. f6 Qxe5 23. fxg7 Rxf3 24. Kg2 Rf7 25. Bg3 Rxg7 26. Nf4 Nf6 27. Rf3 Ne4 28. Nh5 Qb2+ 29. Kh1 Nxg3+ 30. Rxg3 Rxg3 31. Nxg3 Rf8 32. Rb1 Qe5 33. Qg4+ Kh8 34. Rg1 Nd4 35. Nh5 Qe4+ 36. Qxe4 dxe4 37. Re1 Rf5 38. Ng3 Re5 39. Rd1 1-0


[Site "https://www.chess.com"]

[Event "Titled Tuesday Blitz January 03 Late 2023"]
[White "Novikova, Galina"]
[Black "Bjelobrk, Igor"]
[WhiteFideId "4157095"]
[BlackFideId "4300726"]
[WhiteElo "2073"]
[BlackElo "2403"]
[Result "0-1"]
[Round "01"]
[TimeControl "180+2"]
[Date "2023.01.03"]
[WhiteClock "0:00:03"]
[BlackClock "0:00:17"]

1. d4 d5 2. Nc3 Nf6 3. Bf4 e6 4. e3 Bb4 5. Bd3 c5 6. dxc5 Nbd7 7. Ne2 Nxc5 8. Bb5+ Bd7 9. O-O a6 10. Bxd7+ Ncxd7 11. a3 Be7 12. Bg5 Rc8 13. Ng3 h6 14. Bxf6 Bxf6 15. e4 Bxc3 16. bxc3 dxe4 17. Nxe4 O-O 18. Rb1 b5 19. Qd6 Nc5 20. Qf4 Nxe4 21. Qxe4 Rxc3 22. a4 Rc4 23. Qb7 Rxa4 24. h3 Qc8 25. Qb6 Qxc2 26. Rfc1 Qf5 27. Qb7 Ra2 28. Qa7 Rd8 29. Rb3 Qf4 30. Rf1 Qd4 31. Qb7 Rf8 32. Rf3 b4 33. Rc1 Ra1 34. Rxa1 Qxa1+ 35. Kh2 a5 36. Qb6 Qe5+ 37. g3 Qd5 38. Rf4 Ra8 39. Qc7 e5 40. Rf5 f6 41. Qc2 a4 42. f4 b3 43. Qc3 a3 44. fxe5 b2 45. exf6 Qxf5 46. f7+ Qxf7 47. Qf3 Qxf3 0-1


[Site "https://www.chess.com"]

[Event "Titled Tuesday Blitz January 03 Late 2023"]
[White "Zhao, Erick"]
[Black "Saya, Ethan"]
[WhiteFideId "30946930"]
[BlackFideId "26095181"]
[WhiteElo "2275"]
[BlackElo "2181"]
[Result "1/2-1/2"]
[Round "01"]
[TimeControl "180+2"]
[Date "2023.01.03"]
[WhiteClock "0:00:34"]
[BlackClock "0:00:17"]

1. e4 d5 2. exd5 Qxd5 3. d4 Nc6 4. Be3 e5 5. c4 Qa5+ 6. Bd2 Bb4 7. d5 Nd4 8. Ne2 Nxe2 9. Bxe2 Bxd2+ 10. Nxd2 Nf6 11. O-O O-O 12. a3 Qc5 13. b4 Qd4 14. Nf3 Qxd1 15. Raxd1 Bg4 16. Rfe1 Bxf3 17. Bxf3 Rfe8 18. g3 e4 19. Bg2 Re5 20. h3 Rae8 21. Kh2 e3 22. Rxe3 Rxe3 23. fxe3 Rxe3 24. c5 Kf8 25. d6 cxd6 26. cxd6 Ke8 27. Bxb7 Rxa3 28. Bc6+ Kd8 29. b5 Nd7 30. Re1 Rd3 31. Re7 Rxd6 32. Rxf7 Ne5 33. Rxg7 Nxc6 34. bxc6 Rxc6 35. Rxa7 h6 36. h4 Ke8 37. Kh3 Kf8 38. Rb7 Kg8 39. h5 Rc4 40. Re7 Rd4 41. g4 Rd3+ 42. Kh4 Rd5 43. Kg3 Rd4 44. Kf3 Ra4 45. Re4 Ra3+ 46. Kf4 Kf7 47. Rb4 Ra7 48. Rb5 Rc7 49. Kf5 Ra7 50. Rc5 Rb7 51. Rd5 Rc7 52. Rd6 Rc5+ 53. Kf4 Kg7 54. Re6 Ra5 55. Re5 Ra4+ 56. Kf5 Ra7 57. Rd5 Rb7 58. Ke6 Rb6+ 59. Ke5 Rb7 60. Rd6 Rb5+ 61. Ke6 Rb4 62. Rd7+ Kg8 63. Rd8+ Kg7 64. Rd7+ Kh8 65. Kf5 Rb5+ 66. Kf6 Rg5 67. Rd4 Kg8 68. Rc4 Kh7 69. Rf4 Kh8 70. Kf7 Kh7 71. Kf8 Kh8 72. Ke7 Kg7 73. Rf7+ Kg8 74. Rf6 Kg7 75. Rf4 Re5+ 76. Kd6 Re1 77. Rd4 Kf6 78. Rd5 Re6+ 79. Kd7 Re7+ 80. Kd8 Re4 81. Rd6+ Kg7 82. Rg6+ Kh7 83. Kd7 Re2 84. Kd6 Re1 85. Kd5 Re2 86. Re6 Rd2+ 87. Ke5 Re2+ 88. Kf6 Rf2+ 89. Ke7 Rf4 90. Rg6 Re4+ 91. Kf7 1/2-1/2


[Site "https://www.chess.com"]

[Event "Titled Tuesday Blitz January 03 Late 2023"]
[White "Miszler, Levente"]
[Black "Jaracz, Pawel"]
[WhiteFideId "763276"]
[BlackFideId "1102222"]
[WhiteElo "2271"]
[BlackElo "2467"]
[Result "0-1"]
[Round "01"]
[TimeControl "180+2"]
[Date "2023.01.03"]
[WhiteClock "0:01:16"]
[BlackClock "0:01:38"]

1. Nf3 b5 2. e4 Bb7 3. Bxb5 Bxe4 4. Nc3 Bb7 5. d4 Nf6 6. O-O c6 7. Bd3 e6 8. Bg5 Be7 9. Re1 O-O 10. Ne4 d6 11. Qd2 Nbd7 12. Bxf6 Nxf6 13. c4 a5 14. Nfg5 Nxe4 15. Nxe4 d5 16. cxd5 cxd5 17. Nc5 Bc6 18. b3 Qb6 19. Rec1 Rfc8 20. Qe3 Be8 21. Qh3 g6 22. Qe3 Bf6 23. Rab1 Bb5 24. Bxb5 Qxb5 25. Nd7 Qxd7 0-1


[Site "https://www.chess.com"]

[Event "Titled Tuesday Blitz January 03 Late 2023"]
[White "Wieczorek, Oskar"]
[Black "Kalajzic, Ivan"]
[WhiteFideId "1133950"]
[BlackFideId "14506378"]
[WhiteElo "2512"]
[BlackElo "2062"]
[Result "1-0"]
[Round "01"]
[TimeControl "180+2"]
[Date "2023.01.03"]
[WhiteClock "0:00:12"]
[BlackClock "0:00:02"]

1. e4 Nc6 2. Nf3 d6 3. h3 g6 4. d4 Bg7 5. c3 Nf6 6. Bd3 e5 7. O-O O-O 8. Re1 Re8 9. a3 Nh5 10. Be3 Nf4 11. Bxf4 exf4 12. Nbd2 g5 13. Nh2 d5 14. e5 Ne7 15. Qh5 h6 16. Ng4 Bxg4 17. hxg4 Qd7 18. Nf3 Qe6 19. Bh7+ Kf8 20. Bd3 Ng6 21. Bf5 Qc6 22. e6 Nh8 23. Ne5 Bxe5 24. Rxe5 Kg7 25. Rae1 f6 26. R5e2 Re7 27. g3 Qe8 28. gxf4 Qxh5 29. gxh5 gxf4 30. f3 Kf8 31. Kh2 Rae8 32. Rg2 Rg7 33. Rxg7 Kxg7 34. Rg1+ Kf8 35. Rg4 Re7 36. Rxf4 Rg7 37. Rg4 c6 38. Kg3 b5 39. Rxg7 Kxg7 40. f4 Kf8 41. Bh3 Ke7 42. f5 Kf8 43. Kf3 Ke7 44. Ke3 Kd6 45. Kd3 a5 46. b3 Ke7 47. Bg4 Kd6 48. Bf3 Ke7 49. c4 Kd6 50. cxb5 cxb5 51. Kc3 Kc6 52. Be2 1-0


[Site "https://www.chess.com"]

[Event "Titled Tuesday Blitz January 03 Late 2023"]
[White "Melikhov, Evgeny V."]
[Black "Garcia Ramos, Daniel"]
[WhiteFideId "4122046"]
[BlackFideId "32010311"]
[WhiteElo "2269"]
[BlackElo "2442"]
[Result "0-1"]
[Round "01"]
[TimeControl "180+2"]
[Date "2023.01.03"]
[WhiteClock "0:00:18"]
[BlackClock "0:00:03"]

1. d4 d5 2. c4 e6 3. Nc3 Nf6 4. cxd5 Nxd5 5. e4 Nxc3 6. bxc3 c5 7. Nf3 cxd4 8. cxd4 Bb4+ 9. Bd2 Bxd2+ 10. Qxd2 O-O 11. Bd3 Nd7 12. O-O b6 13. Rfe1 Bb7 14. Rad1 Re8 15. Bb1 a5 16. Qe3 b5 17. e5 b4 18. Ng5 h6 19. Ne4 Bd5 20. Nd6 Re7 21. Qd3 Nf8 22. Rc1 a4 23. Rc5 b3 24. axb3 axb3 25. Rec1 b2 26. R1c3 g6 27. Rc8 Rxc8 28. Rxc8 Qa5 29. Rb8 Rc7 30. h4 Rc1+ 31. Kh2 Qe1 32. Rxb2 Qg1+ 33. Kg3 Qxg2+ 34. Kf4 g5+ 35. hxg5 Qxg5# 0-1


[Site "https://www.chess.com"]

[Event "Titled Tuesday Blitz January 03 Late 2023"]
[White "Morefield, Jason"]
[Black "Ortega Ruiz, Jose Miguel"]
[WhiteFideId "30920825"]
[BlackFideId "2209713"]
[WhiteElo "2167"]
[BlackElo "2351"]
[Result "1-0"]
[Round "01"]
[TimeControl "180+2"]
[Date "2023.01.03"]
[WhiteClock "0:00:10"]
[BlackClock "0:01:14"]

1. e4 c5 2. Nf3 Nc6 3. Bb5 g6 4. Bxc6 dxc6 5. O-O Bg7 6. Re1 e5 7. a3 Ne7 8. b4 cxb4 9. axb4 O-O 10. Bb2 Qc7 11. Na3 Be6 12. Ng5 Bc8 13. b5 h6 14. Nf3 Be6 15. bxc6 Nxc6 16. d3 Rfd8 17. Qd2 a6 18. Rad1 Rac8 19. Qc1 Nd4 20. Nxd4 exd4 21. f4 Bg4 22. Rd2 b5 23. Rf2 Qc5 24. Ref1 Bd7 25. f5 g5 26. Nb1 Be5 27. Qd1 f6 28. Qh5 Qf8 29. Rc1 Be8 30. Qd1 Bf4 31. Rxf4 gxf4 32. Qg4+ Qg7 33. Qxf4 Qg5 34. Qf2 Bf7 35. Nd2 a5 36. Nf3 Qe3 37. Qxe3 dxe3 38. Kf1 b4 39. Ke2 a4 40. Bxf6 Rd6 41. Be7 Rb6 42. Kxe3 b3 43. c4 b2 44. Rb1 Rb3 45. Nd2 Rb7 46. Ba3 Rcb8 47. e5 Bh5 48. h3 Bd1 49. Rxd1 b1=Q 50. Nxb1 Rxb1 51. Rxb1 Rxb1 52. e6 Rf1 53. g4 Ra1 54. Bd6 a3 55. f6 Re1+ 56. Kd4 Rxe6 57. Bxa3 Rxf6 58. c5 Ra6 59. Bb4 Kf7 60. Kc4 Ke6 61. d4 Ra1 62. d5+ Kd7 63. c6+ Kc7 64. Bf8 Rc1+ 65. Kb5 Rb1+ 66. Bb4 Rd1 67. d6+ Kc8 68. d7+ Kb8 69. Ba5 Rd5+ 70. Ka6 h5 71. c7+ Ka8 72. c8=R# 1-0


[Site "https://www.chess.com"]

[Event "Titled Tuesday Blitz January 03 Late 2023"]
[White "Silva, Kaua Marques"]
[Black "Rendle, Thomas E"]
[WhiteFideId "22701168"]
[BlackFideId "408760"]
[WhiteElo "2169"]
[BlackElo "2375"]
[Result "0-1"]
[Round "01"]
[TimeControl "180+2"]
[Date "2023.01.03"]
[WhiteClock "0:00:02"]
[BlackClock "0:00:09"]

1. e4 e6 2. d4 d5 3. Nc3 Nc6 4. Nf3 Nf6 5. e5 Ne4 6. Bd3 Bb4 7. Bd2 Nxd2 8. Qxd2 Bd7 9. O-O-O f6 10. Rhe1 O-O 11. a3 Ba5 12. b4 Bb6 13. Bf1 fxe5 14. dxe5 Qe7 15. Na4 a5 16. Nxb6 cxb6 17. c3 axb4 18. axb4 Ra4 19. Bb5 Ra7 20. Kb2 Nxb4 21. cxb4 Bxb5 22. Ra1 Rfa8 23. Rxa7 Rxa7 24. Nd4 Bc4 25. Ra1 Ra6 26. f4 h6 27. g4 Qh4 28. Rxa6 bxa6 29. f5 exf5 30. gxf5 Qe4 31. e6 a5 32. bxa5 bxa5 33. f6 gxf6 34. Qf2 Qe5 35. Ka3 Qd6+ 36. Kb2 Qb4+ 37. Kc2 Qa4+ 38. Kb1 Qb4+ 39. Kc2 Qa4+ 40. Kb1 Bd3+ 41. Kb2 Qb4+ 42. Ka2 Bc4+ 43. Ka1 Qc3+ 44. Kb1 Bd3+ 45. Ka2 Bc4+ 46. Kb1 Qd3+ 47. Kb2 Kg7 48. e7 Kf7 49. Qe1 Qxd4+ 50. Ka3 Qc5+ 51. Ka4 Qxe7 0-1


[Site "https://www.chess.com"]

[Event "Titled Tuesday Blitz January 03 Late 2023"]
[White "Tatarinov, Dmitry"]
[Black "Prydun, Andriy"]
[WhiteFideId "24160067"]
[BlackFideId "14145898"]
[WhiteElo "2310"]
[BlackElo "2134"]
[Result "1-0"]
[Round "01"]
[TimeControl "180+2"]
[Date "2023.01.03"]
[WhiteClock "0:01:28"]
[BlackClock "0:00:01"]

1. d4 Nf6 2. c4 e6 3. Nf3 c5 4. d5 Na6 5. Nc3 Nc7 6. e4 d6 7. h3 e5 8. g4 Nd7 9. Bd3 Rb8 10. a4 b6 11. Be3 Na6 12. g5 Nb4 13. Bb1 Be7 14. Rg1 Nf8 15. h4 a6 16. Ra3 Bd7 17. h5 Qc8 18. Nh4 Rg8 19. Qf3 g6 20. h6 Rb7 21. Qg3 Bd8 22. f4 Bc7 23. fxe5 dxe5 24. Rf1 Bh3 25. Rf2 Qg4 26. Qxg4 Bxg4 27. a5 Nd7 28. axb6 Bxb6 29. Nf3 Bc7 30. Nh2 Bh5 31. Na4 Bd6 32. Nf1 Rf8 33. Nd2 Rc7 34. Nb3 f6 35. Na5 fxg5 36. Rxf8+ Kxf8 37. Bxg5 Be7 38. Be3 Bh4+ 39. Kd2 Ke7 40. Rb3 Kd6 41. Nxc5 Nxc5 42. Rxb4 Be7 43. Rb6+ Kd7 44. b4 Nb7 45. Rxb7 Rxb7 46. Nxb7 Bxb4+ 47. Kd3 Bd1 48. c5 Kc7 49. c6 1-0


[Site "https://www.chess.com"]

[Event "Titled Tuesday Blitz January 03 Late 2023"]
[White "Bove, Alessandro"]
[Black "Goltsev, Dmitry"]
[WhiteFideId "814121"]
[BlackFideId "24176710"]
[WhiteElo "2311"]
[BlackElo "2269"]
[Result "0-1"]
[Round "01"]
[TimeControl "180+2"]
[Date "2023.01.03"]
[WhiteClock "0:00:06"]
[BlackClock "0:00:16"]

1. d4 Nf6 2. Nf3 e6 3. Bg5 d5 4. e3 h6 5. Bh4 c5 6. c3 Nc6 7. Bd3 Bd6 8. Nbd2 e5 9. dxe5 Nxe5 10. Nxe5 Bxe5 11. Nf3 Bd6 12. Qe2 Be6 13. O-O-O O-O 14. h3 a6 15. g4 Be7 16. g5 Nh7 17. g6 Bxh4 18. gxh7+ Kh8 19. Nxh4 Qxh4 20. Rdg1 b5 21. Rg3 f5 22. Rhg1 Ra7 23. Rg6 Rf6 24. Qf3 Kxh7 25. Qg2 Rff7 26. Rxe6 Qh5 27. Qg6+ Qxg6 28. Rexg6 d4 29. exd4 cxd4 30. cxd4 Rad7 31. Rxa6 Rxd4 32. Bc2 g5 33. Kb1 Rd2 34. Rd1 Rxf2 35. a3 Rf3 36. Rd5 h5 37. Rxb5 g4 38. hxg4 hxg4 39. Raa5 Kg6 40. Rb6+ Kg5 41. Raa6 Rg7 42. Ra8 g3 43. Bd1 g2 44. Bxf3 g1=Q+ 45. Ka2 Qxb6 46. Bd1 Qe6+ 47. Bb3 Qe5 48. Ra4 Rd7 49. Rc4 Rd2 50. Bc2 f4 51. b4 f3 52. Kb3 f2 53. Rc5 Qxc5 54. bxc5 f1=Q 0-1


[Site "https://www.chess.com"]

[Event "Titled Tuesday Blitz January 03 Late 2023"]
[White "Siniauski, Artsiom"]
[Black "Chernov, Mikhail"]
[WhiteFideId "13512269"]
[BlackFideId "24143170"]
[WhiteElo "2231"]
[BlackElo "2205"]
[Result "0-1"]
[Round "01"]
[TimeControl "180+2"]
[Date "2023.01.03"]
[WhiteClock "0:00:57"]
[BlackClock "0:00:12"]

1. e4 c5 2. Nf3 Nc6 3. Bb5 g6 4. Bxc6 bxc6 5. O-O Bg7 6. Re1 Nh6 7. c3 O-O 8. d4 cxd4 9. cxd4 d6 10. h3 f6 11. b3 Nf7 12. Bb2 Qa5 13. Nbd2 Rb8 14. Qc2 Bd7 15. Nc4 Qh5 16. e5 fxe5 17. dxe5 Bxh3 18. Nh2 Bf5 19. Qd2 d5 20. Ne3 Nxe5 21. Nxd5 cxd5 22. Bxe5 Bxe5 23. Qxd5+ Rf7 24. Qxe5 Rbf8 25. Qd4 Bc8 26. Re5 Qh6 27. f3 Bb7 28. Rae1 Qg7 29. Qxa7 e6 30. Qb6 Bd5 31. Ng4 h5 32. Ne3 Qxe5 33. a4 Bxf3 34. gxf3 Qg3+ 35. Ng2 Rxf3 36. Qxe6+ R8f7 37. Qe8+ Kg7 38. Qe5+ Qxe5 39. Rxe5 Rxb3 40. a5 Ra3 41. Kh2 Ra7 42. Nf4 R3xa5 43. Re6 R5a6 44. Re8 Kh6 45. Ne6 Ra2+ 46. Kg3 g5 47. Rf8 R7a3+ 0-1


[Site "https://www.chess.com"]